 Dungeon Crawl Stone Soup version 0.30-a0-459-g9104f0fc43 (webtiles) character file.

Game seed: 16024043547032431241

43922 cforsyth the Brawler (level 13, -2/133 HPs)
             Began as a Troll Fighter on Dec 16, 2022.
             Was the Champion of Wu Jian.
             Slain by a basilisk (6 damage)
             ... while petrified by a basilisk
             ... on level 5 of the Lair of Beasts.
             The game lasted 00:33:33 (15981 turns).

cforsyth the Brawler (Troll Fighter)               Turns: 15981, Time: 00:33:34

Health: -2/133     AC:  8    Str: 27    XL:     13   Next: 93%
Magic:  12/12      EV:  1    Int:  8    God:    Wu Jian [******]
Gold:   1056       SH:  0    Dex:  4    Spells: 12/12 levels left

rFire   . . .      SeeInvis .      - Unarmed
rCold   + . .      Faith    .    b - +1 kite shield
rNeg    + + +      Spirit   .    c - +0 steam dragon scales
rPois   ∞          Reflect  .    (helmet restricted)
rElec   +          Harm     .    H - +0 cloak
rCorr   .          Rampage  .    (gloves unavailable)
Will    .....                    (boots unavailable)
Stlth   +.........               l - amulet "Salud" {rElec rC+ Regen+ Dex-5 Slay+5}
HPRegen 2.02/turn                n - ring of positive energy
MPRegen 0.13/turn                (no ring)

@: lethally poisoned (-2 -> -2), petrified
A: large, unfitting armour, claws 3, regeneration 1, shaggy fur 1, tough skin 1
a: Renounce Religion, Wall Jump, Serpent's Lash, Heavenly Storm


You were on level 5 of the Lair of Beasts.
You worshipped Wu Jian.
Wu Jian was exalted by your worship.
You visited 2 branches of the dungeon, and saw 16 of its levels.
You also visited: Sewer and Ossuary.

You collected 1250 gold pieces.
You spent 194 gold pieces at shops.

Inventory:

Armour
 b - a +1 kite shield (worn)
 c - +0 steam dragon scales (worn)
 H - a +0 cloak (worn)
Jewellery
 f - a +6 ring of dexterity
 l - the amulet "Salud" (around neck) {rElec rC+ Regen+ Dex-5 Slay+5}
   (You acquired it on level 8 of the Dungeon)

   [amulet of regeneration]

   Dex:       It affects your dexterity (-5).
   Slay:      It affects your accuracy & damage with ranged weapons and melee
   (+5).
   rC:        It protects you from cold.
   rElec:     It insulates you from electricity.
   Regen:     It increases your rate of health regeneration.
 m - a +6 ring of strength
 n - a ring of positive energy (left claw)
 s - a +6 ring of dexterity
 B - the amulet of Qazlal's Outrage {Reflect Dex+4 SH+5}
   (You acquired it on level 8 of the Dungeon)

   [amulet of reflection]

   It reflects blocked missile attacks.
   Dex:       It affects your dexterity (+4).
   SH:        It affects your SH (+5).
 I - a ring of flight
Wands
 a - a wand of iceblast (3)
 t - a wand of polymorph (9)
 y - a wand of mindburst (24)
 E - a wand of light (13)
 G - a wand of charming (5)
Scrolls
 e - a scroll of fog
 i - 7 scrolls of teleportation
 o - 2 scrolls of vulnerability
 p - 2 scrolls of poison
 q - 3 scrolls of magic mapping
 u - a scroll of identify
 x - a scroll of enchant armour
 D - 2 scrolls of amnesia
 F - a scroll of torment
 K - a scroll of fear
Potions
 d - 3 potions of heal wounds
 g - 2 potions of cancellation
 h - 2 potions of brilliance
 j - 6 potions of curing
 k - 2 potions of attraction
 r - 6 potions of mutation
 v - 2 potions of flight
 w - 3 potions of berserk rage
 z - 2 potions of resistance
 A - 2 potions of haste
 C - 2 potions of magic
 J - 3 potions of might


   Skills:
 + Level 10.0 Fighting
 + Level 8.6 Dodging
 + Level 10.9 Shields
 * Level 16.0 Unarmed Combat


You had 12 spell levels left.
You didn't know any spells.
Your spell library contained the following spells:

 Spells                   Type           Power      Damage    Failure   Level
 Freeze                   Ice            0%         1d3       61%         1
 Cigotuvi's Dreadful Rot  Necr/Pois/Air  0%         N/A       75%         2
 Poisonous Vapours        Pois/Air       0%         N/A       75%         2
 Static Discharge         Conj/Air       0%         2-2/arc   75%         2
 Dazzling Flash           Conj/Hex       0%         N/A       93%         3
 Frozen Ramparts          Ice            0%         1d1       93%         3
 Hailstorm                Conj/Ice       0%         3d3       93%         3
 Ignite Poison            Fire/Tmut/Pois 0%         N/A       93%         3
 Kindle Blastsparks       Fire/Tloc/Air  0%         2d10      93%         3
 Mephitic Cloud           Conj/Pois/Air  0%         N/A       93%         3
 Vhi's Electric Charge    Tloc/Air       0%         N/A       93%         3
 Anguish                  Hex/Necr       0%         N/A       100%        4
 Ice Form                 Ice/Tmut       0%         N/A       100%        4
 Sticky Flame             Conj/Fire      0%         2d3       100%        4
 Agony                    Necr           0%         N/A       100%        5
 Arcjolt                  Conj/Air       0%         1d10      100%        5
 Blade Hands              Tmut           0%         N/A       100%        5
 Fireball                 Conj/Fire      0%         3d3       100%        5
 Freezing Cloud           Conj/Ice/Air   0%         6-21      100%        5
 Irradiate                Conj/Tmut      0%         3d11      100%        5
 Iskenderun's Battlesphe  Conj           0%         2d6       100%        5
 Lightning Bolt           Conj/Air       0%         1d11      100%        5
 Silence                  Hex/Air        0%         N/A       100%        5
 Conjure Ball Lightning   Conj/Air       0%         3x3d6     100%        6
 Simulacrum               Ice/Necr       0%         N/A       100%        6
 Dragon Form              Tmut           0%         N/A       100%        7
 Enfeeble                 Hex            0%         N/A       100%        7
 Orb of Destruction       Conj           0%         9d5       100%        7
 Ignition                 Fire           0%         3d3       100%        8


Dungeon Overview and Level Annotations

Branches:
Dungeon (11/15)            Temple (0/1) D:7            Lair (5/5) D:9
  Swamp (0/4) Lair:3        Snake (0/4) Lair:2        Slime (0/5) Lair:4
  Sewer (visited)         Ossuary (visited)
    Orc: D:9-12

Altars:
Dithmenos
Elyvilon
Makhleb
Nemelex Xobeh
Qazlal
Sif Muna
Trog
Uskayaw
Wu Jian
Xom
Zin
Jiyva

Shops:
D:2 *   D:6 *

Annotations:
D:5 1 transporter, HilariousDeathArtist's ghost, amateur MeRe
Lair:5 Nessos


Innate Abilities, Weirdness & Mutations

You are too large for most types of armour.
You have claws for hands.
Your natural rate of healing is unusually fast.
You are covered in fur. (AC +1)
You have tough skin. (AC +1)


Message History

You spin and attack the basilisk.
You completely miss the basilisk.
You are no longer poisoned.
Nessos shoots an arrow.
The arrow hits you! The arrow burns you.
You are poisoned.
Nessos zaps a wand.
You easily resist.
Nessos shoots an arrow.
The arrow hits you!! The arrow burns you.
You are more poisoned.
The basilisk bites you.
Your limbs are stiffening.
There is a stone staircase leading up, spattered with blood here.
You feel extremely sick.
Nessos shoots an arrow.
The arrow barely misses you. The basilisk bites you.
Nessos shoots an arrow.
The arrow hits you!! The arrow burns you!
You are more poisoned.
Nessos shoots an arrow.
The arrow hits you! The arrow burns you.
You are more poisoned.
The basilisk bites you.
You have turned to stone.
You stop ascending the stairs.
Nessos zaps a wand.
You easily resist.
The now-empty wand crumbles to dust.
Nessos shoots an arrow.
The arrow hits you!! The arrow burns you. The basilisk bites you!
Nessos shoots an arrow.
The arrow hits you. The arrow burns you.
Nessos shoots an arrow.
The arrow hits you!! The arrow burns you. The basilisk gazes at you.
Nessos shoots an arrow.
The arrow hits you! The arrow burns you.
Nessos shoots an arrow.
The arrow hits you!!
* * * LOW HITPOINT WARNING * * *
The arrow burns you!
* * * LOW HITPOINT WARNING * * *
The basilisk bites you!
* * * LOW HITPOINT WARNING * * *
Nessos shoots an arrow.
The arrow hits you!
* * * LOW HITPOINT WARNING * * *
The arrow burns you.
* * * LOW HITPOINT WARNING * * *
Nessos shoots an arrow.
The arrow hits you!!
* * * LOW HITPOINT WARNING * * *
The arrow burns you!
* * * LOW HITPOINT WARNING * * *
The basilisk bites you!
You die...

#...............................
#.............................).
##........#.#...##..............
#........###..#c..............#
#..........#...#..............P
#.............###..............
.............c##...............
.........l...............
........@................
.....................#...
...##................#.#. ...
#................P... ..
......................
.......................
.............#......#..#
P............# #P...#.##
#.#.....###


You could see Nessos (fast) and a basilisk.

Vanquished Creatures
  Kirke (Lair:3)
  Josephine (D:10)
  4 hydras
  5 two-headed ogres
  Erica (D:10)
  A boulder beetle (D:9)
  Amaemon (Lair:2)
  2 skeletal warriors (D:11)
  Pikel (D:8)
  A wolf spider (Lair:4)
  A cyclops (D:11)
  3 black mambas
  A torpor snail (Lair:2)
  An orange demon (Lair:2)
  8 cane toads
  Maggie (D:6)
  2 unseen horrors
  2 kobold demonologists
  3 rime drakes
  11 komodo dragons
  A polar bear (Lair:4)
  Prince Ribbit (D:8)
  A hornet (D:9)
  10 blink frogs
  A shadow (D:11)
  A vampire (D:10)
  5 wraiths
  6 wyverns
  4 basilisks
  6 hogs
  55 yaks
  2 steam dragons
  4 vampire mosquitoes (D:11)
  3 wargs
  4 nagas (Lair:2)
  15 water moccasins
  2 sky beasts
  3 orc warriors
  2 black bears
  2 ogres
  An ice beast (D:7)
  21 wolves
  4 centaurs
  A phantom (D:5)
  4 kobold brigands
  Blork the orc (D:5)
  A necrophage (D:8)
  12 bullfrogs
  2 gnoll sergeants
  3 scorpions
  6 wights
  2 electric eels (Lair:5)
  25 killer bees
  A howler monkey (D:11)
  6 hounds
  A human zombie (Ossuary)
  5 jellies
  2 centaur zombies (Ossuary)
  7 orc priests
  5 iguanas
  12 orc wizards
  2 mummies (Ossuary)
  Robin (D:3)
  15 gnolls
  11 adders
  A river rat (Sewer)
  A shadow imp (D:6)
  2 white imps (D:5)
  An ufetubus (D:6)
  2 worms
  4 dart slugs
  30 orcs
  9 ball pythons
  6 endoplasms
  6 giant cockroaches
  18 goblins
  8 hobgoblins
  10 jackals
  6 quokkas
  6 bats
  8 frilled lizards
  2 goblin zombies
  9 hobgoblin zombies (Ossuary)
  2 jackal zombies (Ossuary)
  19 kobolds
  11 kobold zombies (Ossuary)
  7 orc zombies (Ossuary)
  9 rats
  5 rat zombies
  3 butterflies
515 creatures vanquished.

Vanquished Creatures (others)
  An orc priest (D:8)
  An orc (D:8)
  17 fungi
  41 plants
60 creatures vanquished.

Grand Total: 575 creatures vanquished

Notes
Turn   | Place    | Note
-------+----------+-------------------------------------------
     0 | D:1      | cforsyth the Troll Fighter began the quest for the Orb.
     0 | D:1      | Reached XP level 1. HP: 22/22 MP: 0/0
    60 | D:1      | You fall into a shaft and drop 1 floor!
    69 | D:2      | Found an ornate altar of the Wu Jian Council.
    74 | D:2      | Reached XP level 2. HP: 27/29 MP: 1/1
   101 | D:2      | Became a worshipper of the Wu Jian Council
   119 | D:1      | Reached XP level 3. HP: 36/36 MP: 2/2
   143 | D:1      | Found a faded altar of an unknown god.
   201 | D:1      | Reached skill level 3 in Unarmed Combat
   546 | D:2      | Reached * piety under Wu Jian
   612 | D:1      | Reached XP level 4. HP: 32/44 MP: 3/3
   645 | D:2      | HP: 2/45 [gnoll/+0 club (6)]
   702 | D:2      | Found Titsuink's General Store.
   715 | D:2      | Bought a potion of heal wounds for 65 gold pieces
   916 | D:2      | Reached XP level 5. HP: 48/53 MP: 4/4
  1007 | D:3      | Reached skill level 4 in Unarmed Combat
  1040 | D:3      | Reached ** piety under Wu Jian
  1094 | D:2      | Bought a scroll of blinking for 97 gold pieces
  1177 | D:3      | Noticed an ogre
  1185 | D:3      | Killed an ogre
  1212 | D:3      | Found a stormy altar of Qazlal.
  1233 | D:3      | Noticed Robin
  1241 | D:3      | Killed Robin
  1242 | D:3      | Reached XP level 6. HP: 50/61 MP: 5/5
  1302 | D:3      | Found a white marble altar of Elyvilon.
  1346 | D:3      | Found a shimmering blue altar of Sif Muna.
  1770 | D:4      | Reached skill level 5 in Unarmed Combat
  1881 | D:4      | Reached *** piety under Wu Jian
  2118 | D:4      | Found a glowing silver altar of Zin.
  2119 | D:4      | Found a shadowy altar of Dithmenos.
  2203 | D:4      | Reached XP level 7. HP: 52/67 MP: 6/6
  2255 | D:4      | Found a hide-covered altar of Uskayaw.
  2364 | D:5      | Entered Level 5 of the Dungeon
  2487 | D:5      | Reached skill level 6 in Unarmed Combat
  2497 | D:5      | Noticed HilariousDeathArtist's ghost (amateur MeRe)
  2500 | D:5      | Found a transporter.
  2513 | D:5      | Noticed Blork the orc
  2520 | D:5      | Killed Blork the orc
  2736 | D:5      | Reached skill level 5 in Shields
  2736 | D:5      | Reached XP level 8. HP: 63/79 MP: 7/7
  2807 | D:5      | Reached skill level 7 in Unarmed Combat
  3403 | D:6      | Found a glowing drain.
  3407 | Sewer    | Entered a sewer
  3522 | Sewer    | Reached **** piety under Wu Jian
  3523 | Sewer    | Reached skill level 5 in Fighting
  3637 | Sewer    | Reached skill level 8 in Unarmed Combat
  4122 | D:6      | Found Caywnef's Assorted Antiques.
  4138 | D:6      | Bought a scroll labelled VOTEUK RIAMMI for 32 gold pieces
  4154 | D:6      | Reached XP level 9. HP: 79/88 MP: 8/8
  4202 | D:6      | Noticed Maggie
  4222 | D:6      | Killed Maggie
  4311 | D:6      | Reached skill level 9 in Unarmed Combat
  4729 | D:6      | Found an ornate altar of the Wu Jian Council.
  5244 | D:7      | Found a shimmering altar of Xom.
  5504 | D:7      | Reached skill level 10 in Unarmed Combat
  5564 | D:7      | Found a sparkling altar of Nemelex Xobeh.
  5640 | D:7      | Reached XP level 10. HP: 35/98 MP: 9/9
  6167 | D:7      | Found a staircase to the Ecumenical Temple.
  6278 | D:8      | Noticed Pikel
  6286 | D:8      | Killed Pikel
  6288 | D:8      | Identified 2 scrolls of acquirement
  6288 | D:8      | Acquired the amulet of Qazlal's Outrage {Reflect Dex+4
                  | SH+5}
  6294 | D:8      | Acquired the amulet "Salud" {rElec rC+ Regen+ Dex-5 Slay+5}
  6359 | D:8      | Found a sand-covered staircase.
  6366 | Ossuary  | Entered an ossuary
  6395 | Ossuary  | Reached ***** piety under Wu Jian
  6727 | D:8      | Reached skill level 11 in Unarmed Combat
  6735 | D:8      | Noticed a two-headed ogre
  6764 | D:8      | Killed a two-headed ogre
  6842 | D:8      | Noticed Prince Ribbit
  6846 | D:8      | Killed Prince Ribbit
  6847 | D:8      | Reached skill level 5 in Dodging
  6885 | D:8      | Noticed a two-headed ogre
  6893 | D:8      | Killed a two-headed ogre
  6927 | D:8      | Found a bloodstained altar of Trog.
  7297 | D:9      | Reached XP level 11. HP: 96/109 MP: 10/10
  7343 | D:9      | Noticed a boulder beetle
  7444 | D:9      | Killed a boulder beetle
  7776 | D:9      | Found a burning altar of Makhleb.
  7776 | D:9      | Noticed a cacodemon
  8514 | D:9      | Reached skill level 12 in Unarmed Combat
  8655 | D:9      | Found a staircase to the Lair.
  8902 | D:10     | Entered Level 10 of the Dungeon
  8984 | D:10     | Noticed Josephine
  8999 | D:10     | Killed Josephine
  9653 | D:10     | Noticed a two-headed ogre
  9658 | D:10     | Killed a two-headed ogre
  9715 | D:10     | Noticed Erica
  9822 | D:10     | Killed Erica
  9898 | D:10     | Noticed a two-headed ogre
  9904 | D:10     | Killed a two-headed ogre
  9905 | D:10     | Reached skill level 13 in Unarmed Combat
 10049 | D:10     | Noticed a two-headed ogre
 10057 | D:10     | Killed a two-headed ogre
 10098 | D:11     | Reached ****** piety under Wu Jian
 10110 | D:11     | Reached XP level 12. HP: 119/119 MP: 11/11
 10649 | Lair:1   | Entered Level 1 of the Lair of Beasts
 10899 | Lair:1   | Reached skill level 14 in Unarmed Combat
 11649 | Lair:2   | Found a staircase to the Snake Pit.
 11820 | Lair:2   | Noticed Amaemon
 11837 | Lair:2   | Killed Amaemon
 11966 | Lair:2   | Noticed a five-headed hydra
 11974 | Lair:2   | Killed an eight-headed hydra
 12181 | Lair:2   | Reached XP level 13. HP: 115/131 MP: 12/12
 12184 | Lair:2   | Reached skill level 10 in Shields
 12875 | Lair:3   | Found a staircase to the Swamp.
 12990 | Lair:3   | Reached skill level 15 in Unarmed Combat
 13487 | Lair:4   | Found a viscous altar of Jiyva.
 13488 | Lair:4   | Found a staircase to the Slime Pits.
 13640 | Lair:4   | Noticed Kirke
 13652 | Lair:4   | Noticed a sphinx
 13653 | Lair:4   | Paralysed by a sphinx for 3 turns
 14075 | Lair:3   | Killed Kirke
 14177 | Lair:4   | You fall into a shaft and drop 1 floor!
 14177 | Lair:5   | Entered Level 5 of the Lair of Beasts
 14627 | Lair:4   | Identified the +1 ring mail of Yqadam {rF+ Stlth+}
 15885 | Lair:5   | Reached skill level 10 in Fighting
 15938 | Lair:5   | Reached skill level 16 in Unarmed Combat
 15967 | Lair:5   | Noticed Nessos
 15981 | Lair:5   | HP: 4/133 [Nessos/arrow (4)]
 15981 | Lair:5   | Slain by a basilisk

Illustrated notes

Levels and vault maps discovered:
D:1:      dpeg_arrival_stone_temple_mockup, layout_basic,
          hellmonk_ecumenical_altar_pennies_from_heaven, serial_bayou_pond_d,
          st_stairs_14, serial_bayou_pond_b
D:2:      layout_rooms, basic_altar, serial_shops, nicolae_diamond_shop
D:3:      layout_rooms, grunt_qazlal_sundering, overflow_temple_1_default,
          elyvilon_altar_5, minmay_circle_x, uniq_robin
D:4:      layout_loops_ring, nicolae_uskayaw_murder_on_the_dancefloor,
          mainiacjoe_overflow_divided_tiny
D:5:      layout_loops_ring, gammafunk_ghost_mausoleum, minivault_27,
          uniq_blork_the_orc
D:6:      layout_basic, mainiacjoe_overflow_alcove_2, serial_shops, shop,
          gup_sewer_entry_bowl, minmay_quadrilaterals, uniq_maggie
D:7:      layout_loops_corners, xom_butterflies, nemelex_spade_bored_becter,
          temple_hall, serial_aquarium, aquarium_bridge_square
          [aquarium_subvault_window, aquarium_subvault_bridge,
          aquarium_subvault_bridge, aquarium_subvault_window],
          aquarium_bridge_long_joined [aquarium_subvault_bridge,
          aquarium_subvault_wall, aquarium_subvault_bridge,
          aquarium_subvault_bridge, aquarium_subvault_wall,
          aquarium_subvault_wall], aquarium_window_corner, aquarium_window_fake,
          aquarium_window_2, aquarium_view_2e, aquarium_view_2b,
          aquarium_balcony_3b
D:8:      layout_gridville, mainiacjoe_overflow_six_doors_small,
          enter_ossuary_4, hangedman_abyss_or_decor_stabs, nrook_mini_backslash,
          uniq_pikel, uniq_prince_ribbit1
D:9:      minmay_curly_fans, layout_long_grid, makhleb_altar_promises_db,
          erik_lair_orcish_takeover
D:10:     layout_basic, hangedman_abyss_or_decor_slice, uniq_josephine,
          uniq_erica
D:11:     layout_gridville
Lair:1:   layout_cave_pods, dreamdust_mushroom_princess, grunt_megastairs_2
Lair:2:   layout_cave_pods, guppyfry_snake_entry_island, lemuel_fruit_fields,
          uniq_amaemon
Lair:3:   layout_chaotic_city, minmay_swamp_entry_reptiles, minivault_26
Lair:4:   layout_cave_pods, nicolae_slime_entry_slimehenge, uniq_kirke
Lair:5:   grunt_lair_end_beastmaster, layout_small_grid,
          nicolae_lair_run_with_the_wolves, infiniplex_staircase_pool,
          uniq_nessos

Skill      XL: |  1  2  3  4  5  6  7  8  9 10 11 12 13 |
---------------+----------------------------------------+-----
Shields        | 3 4 5 6 7 9 10 | 10.9
Unarmed Combat | 3 4 5 6 8 10 11 13 14 16 | 16.0
Fighting       | 3 4 5 6 7 8 9 10 | 10.0
Dodging        | 3 5 6 7 8 |  8.6

Action                   |  1- 3 |  4- 6 |  7- 9 | 10-12 | 13-15 || total
-------------------------+-------+-------+-------+-------+-------++-------
Melee: Unarmed           |    88 |   160 |   372 |   666 |   373 ||  1659
Invok: Lunge             |     6 |    21 |    23 |    47 |    19 ||   116
       Whirlwind         |     5 |    13 |    18 |   160 |   140 ||   336
       Serpent's Lash    |       |       |       |     5 |     6 ||    11
Evoke: Wand              |       |       |       |     3 |     3 ||     6
  Use: Potion            |       |     1 |     3 |     2 |       ||     6
       Scroll            |       |     1 |     3 |    19 |     6 ||    29
 Stab: Sleeping          |       |       |       |     1 |       ||     1
Armor: Robe              |    23 |    52 |    41 |       |       ||   116
       Steam dragon scal |       |       |    33 |   154 |    86 ||   273
Dodge: Dodged            |    40 |    48 |   109 |   191 |   108 ||   496
Block: Kite shield       |    30 |    59 |   136 |   197 |   138 ||   560

Table legend: (Time is in decaauts)
 A = Elapsed time spent in this place.
 B = Non-inter-level travel time spent in this place.
 C = Inter-level travel time spent in this place.
 D = Time resting spent in this place.
 E = Time spent auto-exploring this place.
 F = Levels seen in this place.
 G = Mean time per level.
                   A        B        C        D        E       F      G
               +--------+--------+--------+--------+--------+-----+--------+
         Total |  15905 |  15275 |    630 |   2019 |   9886 |  18 |  883.6 |
       Dungeon |   9835 |   9435 |    400 |   1338 |   5916 |  11 |  894.1 |
          Lair |   5250 |   5020 |    230 |    676 |   3449 |   5 | 1050.0 |
         Sewer |    599 |    599 |      0 |      0 |    444 |   1 |  599.0 |
       Ossuary |    219 |    219 |      0 |      5 |     77 |   1 |  219.0 |
               +--------+--------+--------+--------+--------+-----+--------+

Top non-repeatable levels by time:
  Lair:4: 1474 daAuts
     D:8: 1378 daAuts
  Lair:2: 1265 daAuts
    D:10: 1248 daAuts
     D:6: 1213 daAuts
     D:9: 1200 daAuts
     D:7: 1173 daAuts
  Lair:3: 996 daAuts
     D:5: 926 daAuts
  Lair:1: 883 daAuts
     D:4: 751 daAuts
  Lair:5: 631 daAuts
   Sewer: 599 daAuts
     D:3: 582 daAuts
     D:1: 560 daAuts
